 Dungeon Crawl Stone Soup version 0.21-a0-151-ga4fe563 (webtiles) character file.

135 Lunath the Sneak (level 4, -1/30 HPs)
             Began as a Vampire Enchanter on July 31, 2017.
             Slain by an adder (2 damage)
             ... on level 3 of the Dungeon.
             The game lasted 00:11:25 (3453 turns).

Lunath the Sneak (Vampire Enchanter)                Turns: 3453, Time: 00:11:26

Health: -1/30      AC:  2    Str: 10 (12) XL:     4   Next: 97%
Magic:  0/7        EV: 12    Int: 20 (21) God:
Gold:   108        SH:  3    Dex: 12 (14) Spells: 1/7 levels left

rFire    . . .     SeeInvis +   b - +2 short sword (drain)
rCold    + . .     Gourm    .   m - +0 buckler
rNeg     + + .     Faith    +   n - +0 robe
rPois    +         Spirit   .   (no helmet)
rElec    .         Reflect  .   (no cloak)
rCorr    .         Harm     .   (no gloves)
MR       .....                  (no boots)
Stlth    ++++......             r - amulet of faith
HPRegen  0.05/turn              h - +3 ring of intelligence
MPRegen  0.10/turn              (no ring)

@: mighty, lethally poisoned (-1 -> -7), very slightly contaminated,
regenerating slowly
A: fangs 3, see invisible, unbreathing
a: Bat Form


You were on level 3 of the Dungeon.
You were near bloodless.

You visited 1 branch of the dungeon, and saw 3 of its levels.

You collected 108 gold pieces.

Inventory:

Hand Weapons
 a - a +1 dagger
 b - a +2 short sword of draining (weapon)
Armour
 m - a +0 buckler (worn)
 n - a +0 robe (worn)
Jewellery
 h - a +3 ring of intelligence (left hand)
 r - an amulet of faith (around neck)
Scrolls
 e - 4 scrolls of teleportation {unknown}
 g - 2 scrolls of remove curse {unknown}
 i - 2 scrolls of amnesia {unknown}
 l - a scroll of enchant weapon {unknown}
 o - 2 scrolls of immolation {unknown}
 q - 3 scrolls of identify {unknown}
Potions
 d - 17 potions of blood
 f - a potion of degeneration
 k - a potion of berserk rage {unknown}
 p - a potion of curing {unknown}
Books
 c - a book of Maledictions

   Spells                             Type                      Level
   a - Corona                         Hexes                        1
   b - Ensorcelled Hibernation        Hexes/Ice                    2
   c - Confuse                        Hexes                        3
   d - Tukima's Dance                 Hexes                        3
   e - Dazzling Spray                 Conjuration/Hexes            3


   Skills:
 - Level 1.1 Short Blades
 - Level 2.1 Dodging
 * Level 7.2 Stealth
 + Level 0.8 Shields
 - Level 2.0 Spellcasting
 + Level 5.4 Hexes
 + Level 1.6 Ice Magic


You had one spell level left.
You knew the following spells:

 Your Spells              Type           Power        Failure   Level  Hunger
a - Corona                Hex            ###....      2%          1    #......
b - Ensorcelled Hibernat  Hex/Ice        ###...       9%          2    ##.....
c - Confuse               Hex            ###.....     8%          3    ###....


Dungeon Overview and Level Annotations

Branches:
Dungeon (3/15)

Altars:
Elyvilon
Hepliaklqana
Zin


Innate Abilities, Weirdness & Mutations

You heal slowly.
You have razor-sharp teeth.
You have supernaturally acute eyesight. (SInv)
You can survive without breathing.


Message History

Press: ? - help, Shift-Dir - straight line, f/p - adder
Aim: an adder (heavily wounded, chance to defeat MR: 72%)
The adder is outlined in light.
The adder bites you.
* * * LOW HITPOINT WARNING * * *
You block the adder's attack.
You hit the adder. Your bite misses the adder.
The adder is almost dead.
* * * LOW HITPOINT WARNING * * *
You feel sick. The adder misses you.
You miss the adder.
The adder is almost dead.
The adder barely misses you.
It was a potion of degeneration.
There was something very wrong with that liquid.
You feel weakened.
You feel dopey.
You feel clumsy. The adder closely misses you. The adder barely misses you.
It was a potion of might.
You feel very mighty all of a sudden. The adder bites you.
You die...

## .. #.##########
#.#.........
##'#.#######.
#.......<..#.#
#.[....###.#.#.#
#..@...# #.#.#.#
#..S...# #.#.#.#
##'#...# #.#.#.#
#.#...# #.#.#.# #
#.#..(###.#.#.# #
#.#.........#.#####
#.#................
#.#.#####.#########
#.#......(.......##


You could see an adder.

Vanquished Creatures
  5 gnolls
  3 adders (D:3)
  2 dart slugs
  2 leopard geckos
  A ball python (D:3)
  3 giant cockroaches
  6 goblins
  8 hobgoblins
  7 kobolds
  A quokka (D:2)
  6 bats
  4 frilled lizards
  7 rats
55 creatures vanquished.

Notes
Turn   | Place    | Note
-------+----------+-------------------------------------------
     0 | D:1      | Lunath the Vampire Enchanter began the quest for the Orb.
     0 | D:1      | Reached XP level 1. HP: 13/13 MP: 3/3
   135 | D:1      | Reached skill level 5 in Stealth
   194 | D:1      | Reached XP level 2. HP: 9/19 MP: 5/5
   469 | D:1      | Learned a level 2 spell: Ensorcelled Hibernation
   778 | D:1      | Reached XP level 3. HP: 21/24 MP: 0/6
   949 | D:1      | You fall through a shaft!
   949 | D:2      | Found a glowing silver altar of Zin.
   953 | D:2      | Found a white marble altar of Elyvilon.
   969 | D:2      | Found a hazy altar of Hepliaklqana.
  1184 | D:1      | Reached skill level 6 in Stealth
  1729 | D:2      | Reached skill level 5 in Hexes
  1767 | D:2      | Learned a level 3 spell: Confuse
  2199 | D:3      | Reached XP level 4. HP: 22/30 MP: 7/7
  2795 | D:3      | Reached skill level 1 in Ice Magic
  3102 | D:3      | Reached skill level 7 in Stealth
  3450 | D:3      | HP: 1/30 [poisoned by an adder]
  3453 | D:3      | Slain by an adder

Vault maps used:
D:1:      mushboom_english_gardens
D:2:      grunt_temple_overflow_diamond

Skill      XL: |  1  2  3  4 |
---------------+-------------+-----
Stealth        | 5 6 7 |  7.2
Hexes          | 5 |  5.4
Ice Magic      | 1 |  1.6
Short Blades   | |  1.1
Dodging        | |  2.1
Shields        | |  0.8
Spellcasting   | |  2.0

Action                   |  1- 3 |  4- 6 || total
-------------------------+-------+-------++-------
Melee: Dagger            |   103 |    16 ||   119
       Bite              |     7 |     2 ||     9
       Short sword       |    12 |    13 ||    25
 Cast: Ensorcelled Hiber |    18 |    18 ||    36
       Corona            |       |     3 ||     3
  Use: Potion            |       |     5 ||     5
 Stab: Sleeping          |    22 |    10 ||    32
Armor: Robe              |    25 |     4 ||    29
Dodge: Dodged            |    81 |    22 ||   103
Block: Buckler           |     7 |     5 ||    12
